 Dungeon Crawl Stone Soup version 0.18.1-6-gd335043 (webtiles) character file.

219 lightmor the Chopper (level 5, -2/45 HPs)
             Began as a Minotaur Berserker on May 17, 2016.
             Was a Priest of Trog.
             Slain by an orc wizard
             ... wielding a +0 dagger
              (4 damage)
             ... on level 4 of the Dungeon.
             The game lasted 00:03:40 (2345 turns).

lightmor the Chopper (Minotaur Berserker)           Turns: 2345, Time: 00:03:41

Health: -2/45      AC:  3    Str: 22    XL:     5   Next: 64%
Magic:  4/4        EV: 12    Int:  4    God:    Trog [***...]
Gold:   49         SH:  0    Dex: 10    Spells: 0 memorised, 4 levels left

rFire  . . .     SeeInvis .     a - +0 hand axe
rCold  . . .     Gourm    .     b - +0 animal skin
rNeg   . . .     Faith    .     (no shield)
rPois  +         Spirit   .     (helmet restricted)
rElec  .         Dismiss  .     (no cloak)
rCorr  +         Reflect  .     h - +0 pair of gloves
SustAt .         Harm     .     (no boots)
MR     .....                    (no amulet)
Stlth  +.........               f - ring of resist corrosion
                                j - ring of poison resistance

@: not resistant to hostile enchantments, very unstealthy
A: retaliatory headbutt, horns 2
a: Berserk, Trog's Hand, Burn Spellbooks, Renounce Religion


You were on level 4 of the Dungeon.
You worshipped Trog.
Trog was most pleased with you.
You were not hungry.

You visited 1 branch of the dungeon, and saw 6 of its levels.

You collected 49 gold pieces.

Inventory:

Hand Weapons
 a - a +0 hand axe (weapon)
Missiles
 m - 3 steel tomahawks (quivered)
Armour
 b - a +0 animal skin (worn)
 h - a +0 pair of gloves (worn)
Jewellery
 f - a ring of resist corrosion (right hand)
 j - a ring of poison resistance (left hand)
Scrolls
 d - 3 scrolls of enchant weapon {unknown}
 e - 2 scrolls of teleportation {unknown}
 i - 2 scrolls of remove curse
 o - a scroll of recharging {unknown}
 p - a scroll of amnesia {unknown}
 s - a scroll of identify
 u - a scroll of noise {unknown}
 v - a scroll of blinking {unknown}
Potions
 l - a potion of might
 n - a potion of resistance
 q - 3 potions of brilliance
 r - a potion of magic
 t - a potion of curing {unknown}
Comestibles
 c - 2 bread rations
 g - a slice of pizza
 k - 5 fruits


   Skills:
 - Level 3.6 Fighting
 * Level 7.7 Axes
 - Level 2.4 Armour
 - Level 2.1 Dodging


You had 4 spell levels left.
You didn't know any spells.

Dungeon Overview and Level Annotations

Branches:
Dungeon (6/15)
 Temple: D:4-7

Altars:
Gozag

Shops:
D:3 *


Innate Abilities, Weirdness & Mutations

You reflexively headbutt those who attack you in melee.
You have a pair of horns on your head.


Message History

You hear some strange, mumbled words.
A puff of frost appears from out of thin air!
The puff of frost hits you!
* * * LOW HITPOINT WARNING * * *
The rat barely misses you. The orc wizard hits you with a dagger.
* * * LOW HITPOINT WARNING * * *
You continue eating.
Something hits you but does no damage.
The rat twitches its whiskers.
The rat misses you. The orc wizard barely misses you. You furiously retaliate!
You headbutt the orc wizard!
You kill the orc wizard!
Trog accepts your kill.
Trog appreciates your killing of a magic user.
Something hits you.
* * * LOW HITPOINT WARNING * * *
You finish eating.
That bread ration really hit the spot!
Drink which item? (? for menu, Esc to quit)
It was a potion of magic.
Magic courses through your body. Something hits you.
You die...

.###. #.#....
##.#.#. ##()....
..#...
...###.o?..####
#### #....)o#.#...
...
#@#.#.#####.##.##
##r#..............
#rr.........#
#r#.#...###.#
#rr###.......#
#..r #...###.#
#..r ##.## #.#
##.. #.# #.# #r.
#.####.#######


You could see 2 orcs and 8 rats.

Vanquished Creatures
  An orc priest (D:4)
  3 orc wizards (D:4)
  A gnoll (D:1)
  2 adders (D:3)
  A worm (D:2)
  4 dart slugs
  A giant gecko (D:2)
  An orc (D:3)
  2 giant cockroaches
  5 hobgoblins (D:2)
  12 jackals
  A quokka (D:2)
  11 bats
  2 giant newts
  7 goblins
  7 kobolds
  A quokka skeleton (D:5)
  15 rats
77 creatures vanquished.

Vanquished Creatures (others)
  A jackal (D:6)
1 creature vanquished.

Grand Total: 78 creatures vanquished

Notes
Turn   | Place    | Note
--------------------------------------------------------------
     0 | D:1      | lightmor the Minotaur Berserker began the quest for the Orb.
     0 | D:1      | Reached XP level 1. HP: 19/19 MP: 0/0
   141 | D:1      | Reached skill level 4 in Axes
   199 | D:1      | Reached XP level 2. HP: 15/26 MP: 1/1
   440 | D:1      | Reached skill level 5 in Axes
   477 | D:1      | Reached XP level 3. HP: 29/31 MP: 2/2
   480 | D:1      | Reached ** piety under Trog
  1308 | D:2      | Reached XP level 4. HP: 35/39 MP: 3/3
  1366 | D:2      | Reached skill level 6 in Axes
  1609 | D:3      | Found an opulent altar of Gozag.
  1611 | D:3      | Found Gozag's Platinum Reserve.
  1636 | D:3      | Reached *** piety under Trog
  2263 | D:3      | You fall through a shaft for 3 floors!
  2271 | D:5      | Entered Level 5 of the Dungeon
  2333 | D:4      | Reached XP level 5. HP: 39/45 MP: 4/4
  2336 | D:4      | Reached skill level 7 in Axes
  2344 | D:4      | HP: 2/45 [something (6)]
  2345 | D:4      | Slain by an orc wizard

Skill      XL: |  1  2  3  4  5 |
---------------+----------------+-----
Axes           | 4 5 6 7 |  7.7
Fighting       | |  3.6
Armour         | |  2.4
Dodging        | |  2.1

Action                   |  1- 3 |  4- 6 || total
-------------------------+-------+-------++-------
Melee: Hand axe          |    92 |    50 ||   142
       Headbutt          |    11 |     7 ||    18
Invok: Berserk           |     1 |       ||     1
  Use: Scroll            |       |     4 ||     4
       Potion            |       |     1 ||     1
 Stab: Distracted        |       |     1 ||     1
  Eat: Chunk             |     2 |     2 ||     4
       Bread ration      |       |     1 ||     1
Armor: Animal skin       |    19 |    15 ||    34
Dodge: Dodged            |    79 |    41 ||   120
